 Dungeon Crawl Stone Soup version 0.18.1-50-g88ac8fd (webtiles) character file.

17231 tognito the Severer (level 12, -45/115 HPs)
             Began as a Minotaur Berserker on Oct 16, 2016.
             Was a High Priest of Trog.
             Annihilated by an enormous slime creature (69 damage)
             ... on level 12 of the Dungeon.
             The game lasted 00:29:11 (11362 turns).

tognito the Severer (Minotaur Berserker)           Turns: 11362, Time: 00:29:12

Health: -45/115    AC: 20    Str: 25    XL:     12   Next: 17%
Magic:  11/11      EV: 11    Int:  4    God:    Trog [*****.]
Gold:   671        SH:  0    Dex: 10    Spells: 0 memorised, 11 levels left

rFire  . . .     SeeInvis .     a - +0 battleaxe
rCold  . . .     Gourm    .     d - +0 shadow dragon armour
rNeg   . . .     Faith    .     (shield currently unavailable)
rPois  .         Spirit   .     M - +0 hat
rElec  .         Dismiss  .     b - +1 cloak
rCorr  .         Reflect  .     h - +0 pair of gloves
SustAt .         Harm     .     z - +1 pair of boots
MR     .....     Clarity  +     L - amulet of magic regeneration
Stlth  ++........               (no ring)
                                (no ring)

@: about to teleport, drained, not resistant to hostile enchantments, unstealthy
A: retaliatory headbutt, horns 2, blurry vision 1, clarity, weak 1, sturdy frame
1
a: Berserk, Trog's Hand, Brothers in Arms, Burn Spellbooks, Renounce Religion


You were on level 12 of the Dungeon.
You worshipped Trog.
Trog was extremely pleased with you.
You were not hungry.

You visited 1 branch of the dungeon, and saw 12 of its levels.

You collected 671 gold pieces.

Inventory:

Hand Weapons
 a - a +0 battleaxe (weapon)
Missiles
 g - 142 bolts
 P - 4 steel tomahawks (quivered)
Armour
 b - a +1 cloak (worn)
 d - a +0 shadow dragon armour (worn)
 h - a +0 pair of gloves (worn)
 z - a +1 pair of boots (worn)
 M - a +0 hat (worn)
Jewellery
 L - an amulet of magic regeneration (around neck)
Wands
 u - a wand of random effects (22/48)
 w - a wand of acid (6/15)
 B - a wand of slowing (25/48)
 F - a wand of flame (28/48)
 J - a wand of teleportation (3/9)
 K - a wand of digging (9/24)
 O - a wand of confusion (26/48)
Scrolls
 e - 5 scrolls of enchant weapon {unknown}
 f - 8 scrolls of identify
 i - 3 scrolls of fear {unknown}
 j - 6 scrolls of remove curse {unknown}
 k - 2 scrolls of noise {unknown}
 p - a scroll of summoning {unknown}
 q - 3 scrolls of enchant armour {unknown}
 r - 2 scrolls of blinking {unknown}
 t - a scroll of torment {unknown}
 y - a scroll of amnesia {unknown}
 C - 3 scrolls of teleportation {unknown}
 D - a scroll of recharging {unknown}
 H - a scroll of random uselessness {unknown}
Potions
 m - 2 potions of brilliance
 n - a potion of agility
 v - 2 potions of curing
 G - a potion of flight
Miscellaneous
 s - a plain deck of summoning
 I - a stone of tremors
Comestibles
 c - 8 bread rations
 l - 4 slices of pizza
 o - 2 meat rations
 x - 3 beef jerkies
 A - a royal jelly
 E - 14 fruits
 N - a chunk of flesh


   Skills:
 * Level 13.4(12.8) Fighting
 * Level 15.4(14.9) Axes
 + Level 10.5(9.9) Armour
 + Level 6.2(5.7) Dodging


You had 11 spell levels left.
You didn't know any spells.

Dungeon Overview and Level Annotations

Branches:
Dungeon (12/15)            Temple (0/1) D:5            Lair (0/8) D:10
    Orc (0/2) D:12

Altars:
Ashenzari
Dithmenos
Fedhas
Gozag
Kikubaaqudgha
Makhleb
Nemelex Xobeh
Pakellas
Qazlal
Sif Muna
Trog
Xom
Yredelemnul
Zin
The Shining One

Shops:
D:3 *   D:10 [


Innate Abilities, Weirdness & Mutations

You reflexively headbutt those who attack you in melee.
You have a pair of horns on your head.
Scrolls take you a little longer to read.
You possess an exceptional clarity of mind.
You are weak. (Str -2)
Your movements are slightly less encumbered by armour (ER -2).


Message History

You slice the enormous slime creature!!
You headbutt the enormous slime creature, but do no damage.
The enormous slime creature is heavily wounded.
Your shadow dragon armour prevents you from hitting the enormous slime creature.
The enormous slime creature is heavily wounded.
The enormous slime creature hits you!!!
You hit the enormous slime creature.
The enormous slime creature is heavily wounded.
The enormous slime creature hits you but does no damage.
You fail to use your ability.
The enormous slime creature hits you!!!
* * * LOW HITPOINT WARNING * * *
Read which item? (? for menu, Esc to quit)
Okay, then.
Evoke which item? (* to show all) (? for menu, Esc to quit)
Zapping:
J - a wand of teleportation (4/9)
Press: ? - help, Shift-Dir - straight line, f - you You feel strangely unstable.
This wand has 3 charges left.
The enormous slime creature hits you!!!
Ouch! That really hurt!
You die...

#.#[#
#.#.#
#.#.#
#.#
#.#
#.#
#.#
#.#
#@#
#J#
#a#
#.#
#.#
#.#
#.#
#..


You could see an enormous slime creature and a worker ant.

Vanquished Creatures
  Gastronok (D:10)
  Erolcha (D:11)
  Harold (D:10)
  Nergalle (D:10)
  A hill giant (D:12)
  2 unseen horrors (D:10)
  3 ugly things
  A guardian serpent (shapeshifter) (D:12)
  4 centaur zombies
  A komodo dragon (D:11)
  A two-headed ogre (D:9)
  Grinder (D:3)
  A troll (D:11)
  The ghost of Jardinier the Skirmisher, an amateur HuBe of Trog (D:4)
  A shadow (D:11)
  2 wraiths (D:10)
  12 yaks
  A hippogriff (D:10)
  2 hungry ghosts
  2 soldier ants
  2 water moccasins
  5 orc warriors
  2 phantoms
  6 ice beasts
  2 sky beasts
  11 centaurs
  2 ogres
  A big kobold (D:10)
  8 giant frogs
  4 scorpions
  4 killer bees
  5 howler monkeys
  3 crimson imps
  2 quasits
  7 orc priests
  5 hounds
  3 jellies
  2 centaur skeletons
  5 orc wizards
  7 iguanas
  4 worker ants
  A killer bee zombie (D:9)
  2 hound zombies (D:8)
  Robin (D:3)
  16 adders
  An ooze (D:2)
  2 adder skeletons
  A worm (D:2)
  4 dart slugs
  2 giant geckos
  37 orcs
  3 bats
  10 giant cockroaches
  14 goblins
  11 hobgoblins
  19 jackals
  4 quokkas
  3 ball pythons
  2 giant newts
  15 kobolds
  9 rats
  12 plants
299 creatures vanquished.

Vanquished Creatures (collateral kills)
  Josephine (D:10)
  A cyclops (D:12)
  A wraith (D:10)
  An orc warrior (D:12)
4 creatures vanquished.

Grand Total: 303 creatures vanquished

Notes
Turn   | Place    | Note
--------------------------------------------------------------
     0 | D:1      | tognito the Minotaur Berserker began the quest for the Orb.
     0 | D:1      | Reached XP level 1. HP: 19/19 MP: 0/0
   222 | D:1      | Reached XP level 2. HP: 27/27 MP: 1/1
   338 | D:1      | Reached skill level 4 in Axes
   666 | D:2      | Reached ** piety under Trog
   712 | D:2      | Reached XP level 3. HP: 34/34 MP: 2/2
   955 | D:2      | Reached skill level 5 in Axes
   955 | D:2      | Reached XP level 4. HP: 39/41 MP: 3/3
  1596 | D:3      | Noticed Robin
  1603 | D:3      | Reached *** piety under Trog
  1607 | D:3      | Killed Robin
  1921 | D:3      | Found a glowing silver altar of Zin.
  1974 | D:3      | Reached XP level 5. HP: 45/47 MP: 4/4
  1982 | D:3      | Noticed Grinder
  2004 | D:3      | Paralysed by Grinder for 4 turns
  2023 | D:3      | Paralysed by Grinder for 6 turns
  2038 | D:3      | Killed Grinder
  2038 | D:3      | Reached skill level 5 in Fighting
  2038 | D:3      | Reached skill level 6 in Axes
  2038 | D:3      | Reached XP level 6. HP: 24/56 MP: 5/5
  2252 | D:3      | Gained mutation: Scrolls take you a little longer to read. [potion of mutation]
  2252 | D:3      | Gained mutation: You possess an exceptional clarity of mind. [potion of mutation]
  2252 | D:3      | Gained mutation: You are weak. (Str -2) [potion of mutation]
  2277 | D:3      | Found an opulent altar of Gozag.
  2277 | D:3      | Found Gozag's Platinum Reserve.
  2479 | D:4      | Reached skill level 7 in Axes
  2745 | D:4      | Reached **** piety under Trog
  2745 | D:4      | Reached XP level 7. HP: 63/63 MP: 6/6
  2810 | D:4      | Noticed Jardinier's ghost (amateur HuBe)
  2824 | D:4      | Killed Jardinier's ghost
  3201 | D:5      | Entered Level 5 of the Dungeon
  3227 | D:5      | Reached skill level 8 in Axes
  3289 | D:5      | Found a staircase to the Ecumenical Temple.
  3302 | D:5      | Reached skill level 5 in Armour
  3556 | D:5      | Found a basalt altar of Yredelemnul.
  3558 | D:5      | Found a sparkling altar of Nemelex Xobeh.
  3558 | D:5      | Found a stormy altar of Qazlal.
  3562 | D:5      | Found a burning altar of Makhleb.
  3563 | D:5      | Found an opulent altar of Gozag.
  3624 | D:5      | Reached XP level 8. HP: 60/73 MP: 7/7
  3922 | D:5      | Found a sparkling altar of Nemelex Xobeh.
  4503 | D:6      | Found a shadowy altar of Dithmenos.
  4602 | D:6      | Reached skill level 9 in Axes
  4902 | D:6      | Reached ***** piety under Trog
  5375 | D:7      | Found a shimmering altar of Xom.
  5375 | D:7      | Found a shimmering altar of Xom.
  5376 | D:7      | Found a shimmering altar of Xom.
  5381 | D:7      | You fall through a shaft for 3 floors!
  5381 | D:10     | Entered Level 10 of the Dungeon
  5390 | D:10     | Reached skill level 10 in Axes
  5640 | D:10     | Noticed Nergalle
  5644 | D:10     | Noticed a spectral orc knight
  5649 | D:10     | Reached XP level 9. HP: 78/82 MP: 8/8
  5664 | D:10     | Killed Nergalle
  5727 | D:10     | Found a blossoming altar of Fedhas.
  6036 | D:9      | Reached skill level 11 in Axes
  6075 | D:9      | Reached skill level 10 in Fighting
  6265 | D:9      | Reached XP level 10. HP: 53/94 MP: 9/9
  6403 | D:8      | Gained mutation: Your movements are slightly less encumbered by armour (ER -2). [potion of beneficial mutation]
  6518 | D:7      | Found an ancient bone altar of Kikubaaqudgha.
  6519 | D:7      | Found a blossoming altar of Fedhas.
  6646 | D:7      | Reached skill level 12 in Axes
  6791 | D:8      | Found a bloodstained altar of Trog.
  6837 | D:8      | Found an oddly glowing altar of Pakellas.
  6837 | D:8      | Found a shattered altar of Ashenzari.
  6838 | D:8      | Found a deep blue altar of Sif Muna.
  7167 | D:8      | Reached skill level 5 in Dodging
  7810 | D:9      | Found a glowing golden altar of the Shining One.
  8125 | D:10     | Noticed Josephine
  8135 | D:10     | Killed Josephine
  8136 | D:10     | Reached skill level 13 in Axes
  8257 | D:10     | Killed an unseen horror
  8291 | D:10     | Found Figad's Armour Boutique.
  8358 | D:10     | Noticed Harold
  8367 | D:10     | Killed Harold
  8367 | D:10     | Reached XP level 11. HP: 60/104 MP: 10/10
  8615 | D:10     | Noticed Gastronok
  8627 | D:10     | Killed Gastronok
  8821 | D:10     | Found a staircase to the Lair.
  9003 | D:10     | Killed an unseen horror
  9003 | D:10     | Reached skill level 14 in Axes
  9187 | D:11     | Noticed Erolcha
  9203 | D:11     | Killed Erolcha
  9721 | D:11     | Noticed a white ugly thing
  9768 | D:11     | Killed a white ugly thing
 10091 | D:11     | Reached skill level 10 in Armour
 10349 | D:12     | Noticed a hill giant
 10358 | D:12     | Killed a hill giant
 10358 | D:12     | Reached skill level 15 in Axes
 10486 | D:12     | Found a staircase to the Orcish Mines.
 10487 | D:12     | Noticed a green ugly thing
 10500 | D:12     | Killed a green ugly thing
 10503 | D:12     | Received a gift from Trog
 10548 | D:12     | Reached XP level 12. HP: 77/115 MP: 11/11
 11076 | D:12     | Found a shimmering altar of Xom.
 11362 | D:12     | Annihilated by an enormous slime creature

Skill      XL: |  1  2  3  4  5  6  7  8  9 10 11 |
---------------+----------------------------------+-----
Fighting       | 4 5 6 7 8 10 11 13 | 13.4
Axes           | 4 5 6 7 8 10 11 13 15 | 15.4
Armour         | 3 4 5 6 7 8 10 | 10.5
Dodging        | 3 4 5 6 |  6.2

Action                   |  1- 3 |  4- 6 |  7- 9 | 10-12 || total
-------------------------+-------+-------+-------+-------++-------
Melee: Hand axe          |    74 |   123 |    70 |       ||   267
       Headbutt          |    11 |    19 |    73 |    74 ||   177
       War axe           |       |       |   289 |       ||   289
       Battleaxe         |       |       |    13 |   389 ||   402
Throw: Tomahawk          |       |       |       |     6 ||     6
Invok: Berserk           |       |     1 |     1 |       ||     2
       Trog's Hand       |       |       |     3 |     3 ||     6
       Burn Spellbooks   |       |       |     2 |       ||     2
       Brothers in Arms  |       |       |     1 |     2 ||     3
Evoke: Wand              |       |       |       |     1 ||     1
  Use: Potion            |     3 |     4 |     2 |     4 ||    13
       Scroll            |       |       |       |     2 ||     2
 Stab: Sleeping          |     2 |     2 |     7 |     6 ||    17
       Distracted        |       |       |       |     3 ||     3
  Eat: Chunk             |       |     7 |    13 |    21 ||    41
       Fruit             |       |       |       |     1 ||     1
Armor: Shadow dragon arm |    32 |    86 |   190 |   338 ||   646
Dodge: Dodged            |    36 |    63 |   140 |   231 ||   470
